 Dungeon Crawl Stone Soup version 0.31.0-1-g2c135a0 (webtiles) character file.

Game seed: 4908155255450381132

20435 samcosmo the Mimic (level 12, -3/135 HPs)
             Began as a Troll Shapeshifter on Mar 14, 2024.
             Was a High Priest of Dithmenos.
             Hit by a large rock thrown by a cyclops (19 damage)
             ... on level 13 of the Dungeon.
             The game lasted 00:34:17 (11105 turns).

samcosmo the Mimic (Troll Shapeshifter)            Turns: 11105, Time: 00:34:18

Health: -3/135     AC: 11    Str: 32    XL:     12   Next: 45%
Magic:  11/11      EV: 14    Int:  6    God:    Dithmenos [*****.]
Gold:   552        SH:  0    Dex: 11    Spells: 11/11 levels left

rFire   . . .        I - melded +12 morningstar of Luxury {holy, ^Drain Fly rElec Int+3 Dex+3}
rCold   . . .        (shield currently unavailable)
rNeg    . . .        a - melded +1 animal skin
rPois   +            (helmet currently unavailable)
rElec   .            e - melded +0 cloak
rCorr   .            (gloves unavailable)
SInv    .            (boots unavailable)
Will    +....        (no amulet)
Stlth   ++           k - ring of willpower
HPRegen 1.22/turn    r - +5 ring of evasion
MPRegen 0.12/turn

%: no passive effects
@: snake-form, on berserk cooldown, slowed, wreathed by umbra, very slow
A: constrict, boosted hp, large, unfitting armour, (claws 3), regeneration 1,
(shaggy fur 1), (tough skin 1)
a: Begin Untransformation, Renounce Religion, Shadow Step, Shadow Form


You were on level 13 of the Dungeon.
You worshipped Dithmenos.
Dithmenos was extremely pleased with you.
You were an enormous serpent.
You visited 2 branches of the dungeon, and saw 14 of its levels.
You also visited: Ossuary.

You collected 1212 gold pieces.
You spent 660 gold pieces at shops.

Inventory:

Hand Weapons
 p - the +9 flail "Cunifuaf" {speed, Stlth+}
   (You found it on level 2 of the Dungeon)

   Stlth+:    It makes you more stealthy.
 q - the +0 flail "Metupap" {freeze, rF+ rC- MP+9}
   (You found it on level 11 of the Dungeon)

   rF+:       It protects you from fire.
   rC-:       It makes you vulnerable to cold.
   MP+9:      It affects your magic capacity (+9).
 B - the +3 spear of Irritation {distort, ^Fragile rElec rCorr}
   (You found it on level 6 of the Dungeon)

   rElec:     It insulates you from electricity.
   rCorr:     It protects you from acid and corrosion.
   ^Fragile:  It will be destroyed if unequipped.
 I - the +12 morningstar of Luxury (melded) {holy, ^Drain Fly rElec Int+3 Dex+3}
   (You found it on level 7 of the Dungeon)

   Int+3:     It affects your intelligence (+3).
   Dex+3:     It affects your dexterity (+3).
   rElec:     It insulates you from electricity.
   Fly:       It grants you flight.
   ^Drain:    It drains your maximum health when unequipped.
 J - the +10 shortbow "Esyw" {elec, rC- rCorr Int+3}
   (You found it on level 7 of the Dungeon)

   Int+3:     It affects your intelligence (+3).
   rC-:       It makes you vulnerable to cold.
   rCorr:     It protects you from acid and corrosion.
 N - the +8 battleaxe "Reqeipul" {venom, rElec rPois Str-4 SInv}
   (You found it on level 8 of the Dungeon)

   Str-4:     It affects your strength (-4).
   rElec:     It insulates you from electricity.
   rPois:     It protects you from poison SInv: It lets you see invisible.
 P - the +7 mace of Variability {chaos, chaos arc}
   (You found it on level 8 of the Dungeon)
Missiles
 y - a throwing net (quivered)
Armour
 a - a +1 animal skin (melded)
 e - a +0 cloak (melded)
 X - a +0 troll leather armour
Jewellery
 i - an amulet of reflection
 k - a ring of willpower (left hand)
 r - a +5 ring of evasion (right hand)
 u - a +6 ring of dexterity
 F - a ring of positive energy
 G - a ring of magical power
 O - a ring of resist corrosion
 V - a +6 ring of dexterity
Talismans
 c - a beast talisman
 d - a flux talisman
 l - a serpent talisman (active)
 H - a storm talisman
Wands
 w - a wand of mindburst (10)
 x - a wand of roots (18)
 C - a wand of quicksilver (9)
 K - a wand of flame (27)
 S - a wand of charming (6)
Scrolls
 m - 2 scrolls of enchant armour
 n - 4 scrolls of fear
 o - 2 scrolls of immolation
 v - 3 scrolls of teleportation
 D - 2 scrolls of butterflies
 Q - a scroll of blinking
 Z - 2 scrolls of vulnerability
Potions
 b - 3 potions of lignification
 f - 2 potions of enlightenment
 g - 5 potions of might
 h - 4 potions of mutation
 j - a potion of berserk rage
 s - a potion of attraction
 t - a potion of magic
 z - 2 potions of haste
 A - 4 potions of curing
 R - 2 potions of heal wounds
 T - a potion of resistance {unknown}
 W - 2 potions of brilliance


   Skills:
 - Level 5.7 Fighting
 - Level 8.9 Maces & Flails
 - Level 1.5 Dodging
 + Level 9.9 Unarmed Combat
 * Level 13.6 Shapeshifting


You had 11 spell levels left.
You didn't know any spells.
Your spell library contained the following spells:

 Spells                   Type           Power      Damage    Failure   Level
 Apportation              Tloc           0%         N/A       45%         1
 Freeze                   Ice            0%         1d3       45%         1
 Sandblast                Erth           0%         2d4       45%         1
 Shock                    Conj/Air       0%         1d3       45%         1
 Cigotuvi's Dreadful Rot  Necr/Alch/Air  0%         N/A       58%         2
 Jinxbite                 Hex            0%         N/A       58%         2
 Frozen Ramparts          Ice            0%         1d1       83%         3
 Hailstorm                Conj/Ice       0%         3d5       83%         3
 Passwall                 Erth           0%         N/A       83%         3
 Stone Arrow              Conj/Erth      0%         3d7       83%         3
 Swiftness                Air            0%         N/A       83%         3
 Tukima's Dance           Hex            0%         N/A       83%         3
 Airstrike                Air            0%         2d(0-16)  99%         4
 Brom's Barrelling Bould  Conj/Erth      0%         2d3       99%         4
 Dimensional Bullseye     Hex/Tloc       0%         N/A       99%         4
 Ignite Poison            Fire/Alch      0%         N/A       99%         4
 Iskenderun's Mystic Bla  Conj/Tloc      0%         2d3       99%         4
 Alistair's Intoxication  Alch           0%         N/A       100%        5
 Freezing Cloud           Conj/Ice/Air   0%         6-21      100%        5


Dungeon Overview and Level Annotations

Branches:
Dungeon (13/15)            Temple (1/1) D:4            Lair (0/5) D:9
    Orc (0/2) D:12        Ossuary (visited)
 Vaults: D:13-14

Altars:
Ashenzari
Cheibriados
Dithmenos
Elyvilon
Fedhas
Gozag
Hepliaklqana
Kikubaaqudgha
Makhleb
Nemelex Xobeh
Okawaru
Qazlal
Ru
Sif Muna
Trog
Uskayaw
Vehumet
Wu Jian
Xom
Yredelemnul
Zin
The Shining One

Shops:
D:5 *   D:9 *


Innate Abilities, Weirdness & Mutations

You are an enormous serpent.
You have a powerful constriction melee attack.
Your maximum health is increased.
Your armour is entirely melded.
You are incapable of wielding weapons or throwing items.
You are too large for most types of armour.
((You have claws for hands.))
Your natural rate of healing is unusually fast.
((You are covered in fur. (AC +1)))
((You have tough skin. (AC +1)))


Message History

You hit the acid dragon. You grab the acid dragon.
The acid dragon is heavily wounded.
You constrict the acid dragon. The acid dragon barely misses you.
The acid dragon claws you but does no damage.
Unknown command.
You body-slam the acid dragon!!
You kill the acid dragon!
Dithmenos accepts your kill.
Unknown command.
You body-slam the slime creature!!
The slime creature is heavily wounded.
The slime creature closely misses you.
Unknown command.
You completely miss the slime creature.
The slime creature is heavily wounded.
Unknown command.
You barely miss the slime creature.
The slime creature is heavily wounded.
The wraith closely misses you. The slime creature hits you.
* * * LOW HITPOINT WARNING * * *
Unknown command.
You hit the slime creature.
The slime creature is severely wounded.
You body-slam the slime creature!!
You kill the slime creature!
Dithmenos accepts your kill. The wraith hits you!
* * * LOW HITPOINT WARNING * * *
You body-slam the wraith!!
The wraith is severely damaged.
You body-slam the wraith!!
You destroy the wraith!
Dithmenos accepts your kill.
Items here: ))) [ †.
You feel a strong urge to attack something.
You are no longer berserk.
You are exhausted.
You feel yourself slow down.
The cyclops throws a large rock.
The large rock hits you!!
You die...

##########
.P♣.#####
#........#
.~~.C.).#
#........# ~.~ #.#
#........#
~~.~C#)###........#
♣....+........#
~≈.~.#.##S........#
~~~..#.#♣~........#
~~~.~
..#~~~+#######
..~~..###~~~.###
~~.~P. #~P~...#
~~~P. #.~.##.## ♣..
######..#
########'####
#...........#


You could see a cyclops.

Vanquished Creatures
  A boulder beetle (D:12)
  A centaur warrior (D:13)
  A tengu warrior (D:13)
  3 two-headed ogres
  Nergalle (D:12)
  A cyclops (D:12)
  3 manticores
  Joseph (D:7)
  2 gargoyles
  A rime drake (D:9)
  An unseen horror (D:11)
  An efreet (D:13)
  2 komodo dragons
  3 kobold demonologists
  3 trolls
  Grinder (D:3)
  A polar bear (D:9)
  2 raiju (D:7)
  2 slime creatures
  6 wraiths
  13 yaks
  3 shadows
  Grum (D:10)
  A steam dragon (D:9)
  2 chaos spawn (D:8)
  3 vampire mosquitoes
  2 acid dragons
  A water moccasin (D:8)
  4 sky beasts
  6 ice beasts
  6 orc warriors
  5 centaurs
  4 wolves
  3 elf zombies (Ossuary)
  5 kobold brigands
  2 bullfrogs
  2 gnoll sergeants
  2 scorpions (D:6)
  6 wights
  6 killer bees (D:7)
  7 howler monkeys
  4 electric eels (D:7)
  2 bombardier beetles
  A centaur zombie (Ossuary)
  2 jellies (D:7)
  7 hounds
  Crazy Yiuf (D:4)
  3 human zombies (Ossuary)
  8 orc priests
  A sleepcap (D:5)
  2 iguanas
  Natasha (thrice) (D:2)
  13 orc wizards
  A bullfrog simulacrum (Ossuary)
  2 crocodile zombies (Ossuary)
  2 spectral hounds (Ossuary)
  3 mummies (Ossuary)
  10 gnolls
  10 adders
  5 hound simulacra (Ossuary)
  A shadow imp (D:7)
  6 white imps
  A spectral adder (Ossuary)
  3 spectral gnolls (Ossuary)
  A dart slug (D:1)
  4 ribbon worms
  An adder simulacrum (Ossuary)
  45 orcs
  4 endoplasms
  8 giant cockroaches
  3 gnoll zombies (Ossuary)
  6 goblins
  7 hobgoblins
  4 jackals (D:5)
  2 quokkas (D:1)
  3 ball pythons
  5 bats
  2 frilled lizards (D:1)
  3 gnoll simulacra (Ossuary)
  A jackal simulacrum (Ossuary)
  29 kobolds
  7 kobold zombies (Ossuary)
  6 orc zombies (Ossuary)
  4 rats
  A spectral jackal (Ossuary)
358 creatures vanquished.

Notes
Turn   | Place    | Note
-------+----------+-------------------------------------------
     0 | D:1      | samcosmo the Troll Shapeshifter began the quest for the
                  | Orb.
     0 | D:1      | Reached XP level 1. HP: 18/18 MP: 0/0
   174 | D:1      | Reached XP level 2. HP: 26/26 MP: 1/1
   568 | D:1      | Reached XP level 3. HP: 32/32 MP: 2/2
   762 | D:2      | Noticed Natasha
   768 | D:2      | Killed Natasha
  1135 | D:2      | Identified the +9 flail "Cunifuaf" {speed, Stlth+}
  1139 | D:2      | Noticed Natasha
  1144 | D:2      | Killed Natasha
  1145 | D:2      | Reached skill level 1 in Fighting
  1145 | D:2      | Reached XP level 4. HP: 39/41 MP: 3/3
  1164 | D:2      | Noticed Natasha
  1170 | D:2      | Reached skill level 1 in Maces & Flails
  1174 | D:2      | Killed Natasha
  1555 | D:3      | Noticed a bullfrog
  1562 | D:3      | Killed a bullfrog
  1563 | D:3      | Reached XP level 5. HP: 48/48 MP: 4/4
  1730 | D:3      | Found a faded altar of an unknown god.
  1862 | D:3      | Noticed Grinder
  1872 | D:3      | Killed Grinder
  1873 | D:3      | Reached XP level 6. HP: 48/57 MP: 5/5
  2091 | D:3      | Reached skill level 4 in Shapeshifting
  2463 | D:4      | Found a radiant altar of Vehumet.
  2527 | D:4      | Found a bloodstained altar of Trog.
  2580 | D:4      | Found a staircase to the Ecumenical Temple.
  2590 | Temple   | Entered the Ecumenical Temple
  2619 | Temple   | Became a worshipper of Dithmenos the Shadowed
  2688 | D:4      | Identified the +9 ring mail of Juelaez {Fly}
  2784 | D:4      | Reached XP level 7. HP: 66/66 MP: 6/6
  2859 | D:4      | Found a runed translucent door.
  2860 | D:4      | Noticed Crazy Yiuf
  2900 | D:4      | Killed Crazy Yiuf
  2960 | D:5      | Entered Level 5 of the Dungeon
  3087 | D:5      | Found a sand-covered staircase.
  3092 | Ossuary  | Entered an ossuary
  3157 | Ossuary  | Reached * piety under Dithmenos
  3226 | Ossuary  | Reached skill level 5 in Maces & Flails
  3266 | Ossuary  | Reached XP level 8. HP: 58/75 MP: 7/7
  3366 | Ossuary  | Reached skill level 5 in Shapeshifting
  3424 | Ossuary  | Reached ** piety under Dithmenos
  3624 | D:5      | Found Yrov Eni's Assorted Antiques.
  4621 | D:6      | Identified the +3 spear of Irritation {distort, ^Fragile
                  | rElec rCorr}
  4626 | D:6      | Reached *** piety under Dithmenos
  4842 | D:6      | Reached XP level 9. HP: 85/85 MP: 8/8
  5000 | D:7      | Reached skill level 6 in Shapeshifting
  5196 | D:7      | Reached skill level 5 in Fighting
  5324 | D:7      | Found a white marble altar of Elyvilon.
  5342 | D:7      | Noticed Joseph
  5640 | D:7      | Noticed a gargoyle
  5662 | D:7      | Killed a gargoyle
  5670 | D:7      | Reached skill level 7 in Shapeshifting
  5755 | D:7      | Identified the +12 morningstar of Luxury {holy, ^Drain Fly
                  | rElec Int+3 Dex+3}
  5767 | D:7      | Reached XP level 10. HP: 96/98 MP: 9/9
  5771 | D:7      | Identified the +10 shortbow "Esyw" {elec, rC- rCorr Int+3}
  5789 | D:7      | Killed Joseph
  5789 | D:7      | Reached **** piety under Dithmenos
  5906 | D:7      | Reached skill level 8 in Shapeshifting
  6195 | D:7      | Reached skill level 9 in Shapeshifting
  6299 | D:7      | Found a snail-covered altar of Cheibriados.
  6850 | D:8      | Reached skill level 5 in Unarmed Combat
  6855 | D:8      | Identified the +8 battleaxe "Reqeipul" {venom, rElec rPois
                  | Str-4 SInv}
  6963 | D:8      | Reached skill level 10 in Shapeshifting
  7097 | D:8      | Found Plog's Elemental Accessories.
  7189 | D:8      | Found a shimmering altar of Xom.
  7191 | D:8      | Found the +7 mace of Variability {chaos, chaos arc}
  7335 | D:9      | Identified a scroll of acquirement
  7335 | D:9      | Acquired 396 gold pieces
  7404 | D:5      | Bought a serpent talisman for 660 gold pieces
  7528 | D:8      | Reached ***** piety under Dithmenos
  7581 | D:9      | Noticed a two-headed ogre
  7591 | D:9      | Killed a two-headed ogre
  7592 | D:9      | Reached XP level 11. HP: 49/105 MP: 10/10
  7696 | D:9      | Found Jyfod's General Store.
  7957 | D:9      | Found a stormy altar of Qazlal.
  7988 | D:9      | Found a staircase to the Lair.
  8068 | D:9      | Found an opulent altar of Gozag.
  8277 | D:10     | Entered Level 10 of the Dungeon
  8360 | D:10     | Found a shimmering blue altar of Sif Muna.
  8490 | D:10     | Noticed Grum
  8498 | D:10     | Reached skill level 11 in Shapeshifting
  8501 | D:10     | Killed Grum
  9092 | D:11     | Noticed a two-headed ogre
  9099 | D:11     | Killed a two-headed ogre
  9309 | D:11     | Noticed a two-headed ogre
  9327 | D:11     | Reached skill level 12 in Shapeshifting
  9333 | D:11     | Killed a two-headed ogre
  9677 | D:11     | Identified the +0 flail "Metupap" {freeze, rF+ rC- MP+9}
 10325 | D:12     | Reached XP level 12. HP: 105/113 MP: 11/11
 10540 | D:12     | Noticed a boulder beetle
 10564 | D:12     | Killed a boulder beetle
 10587 | D:12     | Found a staircase to the Orcish Mines.
 10596 | D:12     | Reached skill level 13 in Shapeshifting
 10825 | D:12     | Noticed Nergalle
 10837 | D:12     | Killed Nergalle
 11065 | D:13     | Noticed a centaur warrior
 11068 | D:13     | Noticed a tengu warrior
 11075 | D:13     | Killed a centaur warrior
 11092 | D:13     | Killed a tengu warrior
 11105 | D:13     | Hit by a large rock thrown by a cyclops

Illustrated notes

Levels and vault maps discovered:
D:1:      grunt_arrival_crossed_arrows, layout_loops_cross,
          palyth_stone_intersect, amcnicky_mini_corridor_feature,
          minmay_misc_feat_four_crosses, corexii_hall_statues_u
D:2:      layout_basic, nicolae_the_louvre, uniq_natasha
D:3:      layout_loops_corners, shapermc_ecumenical_altar_venn,
          hangedman_glass_teeth, uniq_grinder
D:4:      layout_basic, mainiacjoe_overflow_brackets,
          mainiacjoe_overflow_boulevard, minmay_temple_entry_sparse_star,
          uniq_crazy_yiuf_cottage
D:5:      layout_gridville, enter_ossuary_2, serial_shops,
          nicolae_shop_tiny_glass, serial_bayou_pond_a,
          nicolae_nh_ransacked_shop
D:6:      layout_loops_ring
D:7:      minmay_the_grid_triangle_9x9_recursive_2
          [minmay_the_grid_triangle_9x9_prize_insulated,
          minmay_the_grid_triangle_9x9_semitri,
          minmay_the_grid_triangle_9x9_impossible_snake,
          minmay_the_grid_triangle_9x9_negative_grid], layout_layer_cave,
          elyvilon_altar_1, chei_slow_surprise, nicolae_have_a_lightning_rod,
          uniq_joseph
D:8:      layout_rooms, minmay_misc_feat_enclosed, nicolae_elemental_shop,
          minmay_guarded_unrand_variability
D:9:      layout_cross, nicolae_gozag_cash_rules_everything_around_me,
          grunt_qazlal_sundering, hellmonk_lair_entry_icy, serial_shops,
          shop_fountains
D:10:     layout_basic, kennysheep_mini, uniq_grum
D:11:     layout_basic, lemuel_another_geyser
D:12:     layout_rooms, minmay_orc_entry_temple_small, uniq_nergalle
D:13:     layout_roguey, hellmonk_vaults_order_and_chaos, serial_bayou,
          serial_bayou_shore_b, serial_bayou_lagoon_a, serial_bayou_crossing,
          serial_bayou_pond_b, serial_bayou_pond_e, serial_bayou_pond_c
Temple:   regret_index_temple_generic_petals

Skill      XL: |  1  2  3  4  5  6  7  8  9 10 11 12 |
---------------+-------------------------------------+-----
Unarmed Combat | 4 6 9 |  9.9
Fighting       | 1 2 3 4 5 |  5.7
Maces & Flails | 2 3 5 7 8 |  8.9
Shapeshifting  | 4 5 7 10 12 13 | 13.6
Dodging        | |  1.5

Action                     |  1- 3 |  4- 6 |  7- 9 | 10-12 || total
---------------------------+-------+-------+-------+-------++-------
  Melee: Unarmed           |    61 |       |       |   362 ||   423
         Flail             |     3 |    74 |   345 |       ||   422
         Punch             |     1 |     3 |     8 |     1 ||    13
         Morningstar       |       |       |     4 |   102 ||   106
         Constrict         |       |       |       |    64 ||    64
Ability: Begin Untransform |     1 |     1 |       |       ||     2
    Use: Scroll            |       |       |    13 |    11 ||    24
         Potion            |       |       |     1 |     1 ||     2
   Stab: Sleeping          |     2 |     4 |     8 |     1 ||    15
         Distracted        |       |       |       |     2 ||     2
 Armour: Animal skin       |    25 |    31 |   151 |    58 ||   265
         Skin              |       |       |       |   271 ||   271
  Dodge: Dodged            |    25 |    37 |   185 |   378 ||   625
   Form: Beast             |     1 |     1 |       |     1 ||     3
         Serpent           |       |       |       |     2 ||     2
         Storm             |       |       |       |     2 ||     2
